 Dungeon Crawl Stone Soup version 0.25.0-41-g26779e291d (webtiles) character file.

Game seed: 12136412637246995918

299 Ethylacetat the Insei (level 6, 0/42 HPs)
             Began as an Octopode Transmuter on July 10, 2020.
             Slain by a giant cockroach (1 damage)
             ... on level 3 of the Dungeon.
             The game lasted 00:08:00 (4629 turns).

Ethylacetat the Insei (Octopode Transmuter)         Turns: 4629, Time: 00:08:00

Health: 0/42       AC:  1    Str: 12    XL:     6   Next: 36%
Magic:  10/10      EV: 13    Int: 15    God:
Gold:   177        SH:  0    Dex: 12    Spells: 10/11 levels left

rFire    . . .     SeeInvis .     - Unarmed
rCold    . . .     Gourm    .   (no shield)
rNeg     . . .     Faith    .   (helmet restricted)
rPois    .         Spirit   .   (no amulet)
rElec    .         Reflect  .   (no ring)
rCorr    .         Harm     .   (no ring)
MR       .....                  (no ring)
Stlth    ++........             (no ring)
HPRegen  0.14/turn              (no ring)
MPRegen  0.12/turn              (no ring)
                                (no ring)
                                (no ring)

@: no status effects
A: almost no armour, stealthy swim, amphibious, 8 rings, constrict 8, camouflage
1, gelatinous body 1
a: no special abilities


You were on level 3 of the Dungeon.
You were not hungry.

You visited 1 branch of the dungeon, and saw 3 of its levels.
You also visited: Sewer.

You collected 177 gold pieces.

Inventory:

Hand Weapons
 j - a +1 quarterstaff of protection
Missiles
 a - 12 arrows
 f - 2 throwing nets (quivered)
Scrolls
 d - 2 scrolls of fear
 g - a scroll of teleportation {unknown}
 h - a scroll of identify
 l - a scroll of remove curse {unknown}
 m - a scroll of magic mapping {unknown}
 o - a scroll of vulnerability {unknown}
 p - a scroll of blinking {unknown}
Potions
 b - a potion of heal wounds {unknown}
 e - a potion of brilliance {unknown}
 i - a potion of haste {unknown}
 k - a potion of flight {unknown}
Comestibles
 c - 5 rations


   Skills:
 * Level 3.5 Fighting
 - Level 2.0 Dodging
 * Level 4.6 Unarmed Combat
 + Level 3.0 Spellcasting
 + Level 3.1 Transmutations


You had 10 spell levels left.
You knew the following spells:

 Your Spells              Type           Power        Failure   Level  Hunger
a - Beastly Appendage     Tmut           ##....       5%          1    #......

Your spell library contained the following spells:

 Spells                   Type           Power        Failure   Level  Hunger
 Sticks to Snakes         Tmut           ##......     9%          2    ##.....
 Spider Form              Tmut/Pois      #.........   30%         3    ###....
 Ice Form                 Ice/Tmut       #.......     71%         4    #####..
 Blade Hands              Tmut           ##........   83%         5    ######.


Dungeon Overview and Level Annotations

Branches:
Dungeon (3/15)              Sewer (visited)

Altars:


Innate Abilities, Weirdness & Mutations

You cannot wear most types of armour.
You are very stealthy in the water. (Stealth+)
You are amphibious.
You can wear up to eight rings at the same time.
You can use your tentacles to constrict eight enemies at once.
Your skin changes colour to match your surroundings (Stealth+).
Your rubbery body absorbs attacks. (AC +1, EV +1)


Message History

The orc throws a boomerang.
The boomerang misses you.
The weapon returns to the orc!
The orc throws a boomerang.
The boomerang closely misses you.
The weapon returns to the orc!
The orc throws a boomerang.
The boomerang misses you.
The weapon returns to the orc!
As you read the scroll labeled ESE LO JICOC, it crumbles to dust.
It is a scroll of identify.
d - 2 scrolls of fear The orc wizard shouts!
You hear a shout!
The giant cockroach bites you.
* * * LOW HITPOINT WARNING * * *
The frilled lizard bites you.
* * * LOW HITPOINT WARNING * * *
The orc wizard gestures wildly while chanting.
The orc wizard flickers and vanishes!
Deactivating autopickup; reactivate with Ctrl-A.
Okay, then.
The giant cockroach bites you.
You die...

?....{.o.......#
......o..o.....#
...........?...#
######o.g.....##
#.g.o......#
#..........#
#olo.......#
#..s.......#
#..@.......#
##........##
##......##
########


You could see an orc priest, 5 orcs, a giant cockroach, 2 goblins and a frilled
lizard.

Vanquished Creatures
  A phantom (D:2)
  6 adders
  8 oozes
  A worm (D:2)
  11 leopard geckos
  An orc (D:3)
  5 bats
  14 giant cockroaches
  6 goblins
  7 hobgoblins
  5 jackals (D:1)
  12 kobolds
  A quokka (D:2)
  11 ball pythons (Sewer)
  10 frilled lizards
  8 rats
107 creatures vanquished.

Vanquished Creatures (others)
  A hobgoblin (D:1)
1 creature vanquished.

Grand Total: 108 creatures vanquished

Notes
Turn   | Place    | Note
-------+----------+-------------------------------------------
     0 | D:1      | Ethylacetat the Octopode Transmuter began the quest for the
                  | Orb.
     0 | D:1      | Reached XP level 1. HP: 13/13 MP: 3/3
    93 | D:1      | Reached XP level 2. HP: 10/18 MP: 5/5
   551 | D:1      | Reached XP level 3. HP: 24/24 MP: 6/6
  1862 | D:2      | Reached XP level 4. HP: 7/29 MP: 7/7
  2241 | D:2      | Noticed a phantom
  3035 | D:2      | Killed a phantom
  3035 | D:2      | Reached skill level 4 in Unarmed Combat
  3035 | D:2      | Reached XP level 5. HP: 9/36 MP: 7/9
  3478 | D:3      | Found a glowing drain.
  3487 | Sewer    | Entered a sewer
  4060 | Sewer    | Reached XP level 6. HP: 35/42 MP: 8/10
  4619 | D:3      | HP: 2/42 [orc priest/divine providence (16)]
  4628 | D:3      | HP: 2/42 [giant cockroach (1)]
  4629 | D:3      | Slain by a giant cockroach

Illustrated notes

Levels and vault maps discovered:
D:1:      dpeg_arrival_more_subterranean_lakeside_camping, layout_basic
D:2:      layout_loops_cross
D:3:      layout_rooms, cheibrodos_sewer_entry_drain,
          nemelex_xobeh_ov_fountains_minmay, uniq_robin

Skill      XL: |  1  2  3  4  5  6 |
---------------+-------------------+-----
Fighting       | 2 3 |  3.5
Unarmed Combat | 4 |  4.6
Transmutations | 3 |  3.1
Spellcasting   | 3 |  3.0
Dodging        | |  2.0

Action                   |  1- 3 |  4- 6 || total
-------------------------+-------+-------++-------
Melee: Unarmed           |    98 |   181 ||   279
       Constrict         |    25 |    38 ||    63
       Tentacles         |     9 |    29 ||    38
       Kick              |     7 |    27 ||    34
       Punch             |     2 |     2 ||     4
 Cast: Beastly Appendage |    14 |    15 ||    29
  Use: Scroll            |       |     1 ||     1
 Stab: Sleeping          |     9 |     2 ||    11
  Eat: Chunk             |     3 |     9 ||    12
Armor: Skin              |    11 |    14 ||    25
Dodge: Dodged            |    60 |   122 ||   182
